 Dungeon Sprint DCSS version 0.30-a0-738-g116ff8c4af (webtiles) character file.

Game seed: 4726224024509152156

28 BigDaddyOpFi the Fighter (level 6, -1/84 HPs)
             Began as a Demonspawn Fighter on Feb 3, 2023.
             Slain by a hell hound (10 damage)
             ... in the Dungeon (Sprint VI: "Thunderdome").
             The game lasted 00:01:28 (368 turns).

BigDaddyOpFi the Fighter (Demonspawn Fighter)        Turns: 368, Time: 00:01:28

Health: -1/84      AC:  9    Str: 23    XL:     6   Next: 88%
Magic:  15/15      EV:  9    Int:  9    God:
Gold:   115        SH:  6    Dex: 19    Spells: 5/5 levels left

rFire   . . .      SeeInvis .    a - +0 war axe
rCold   + . .      Faith    .    c - +0 buckler
rNeg    . . .      Spirit   .    b - +0 scale mail
rPois   .          Reflect  .    (no helmet)
rElec   .          Harm     .    (no cloak)
rCorr   .          Rampage  .    (no gloves)
Will    +....      NoTele   +    (no boots) Stlth
                                 q - amulet of the Yeti {RegenMP Will+}
HPRegen 0.34/turn                o - ring of Vacuh {rC+ Dex+6}
MPRegen 0.54/turn                p - ring "Jixibreh" {MP+9 Str+5}

@: mighty, berserking, very quick
A: yellow scales 1
a: no special abilities


You were in the Dungeon.
You visited 1 branch You collected 250 gold pieces.
You spent 135 gold pieces at shops.

Inventory:

Hand Weapons
 a - a +0 war axe (weapon)
Armour
 b - a +0 scale mail (worn)
 c - a +0 buckler (worn)
Jewellery
 o - the ring of Vacuh (left hand) {rC+ Dex+6}
   (You bought it in a shop in the Dungeon)

   [ring of dexterity]

   Dex:       It affects your dexterity (+6).
   rC:        It protects you from cold.
 p - the ring "Jixibreh" (right hand) {MP+9 Str+5}
   (You bought it in a shop in the Dungeon)

   [ring of magical power]

   Str:       It affects your strength (+5).
   MP:        It affects your magic capacity (+9).
 q - the amulet of the Yeti (around neck) {RegenMP Will+}
   (You bought it in a shop in the Dungeon)

   [amulet of magic regeneration]

   It increases your rate of magic regeneration.
   Will:      It increases your willpower.
Wands
 l - a wand of acid (5)
 m - a wand of iceblast (5)
Scrolls
 j - 4 scrolls of blinking
 n - 3 scrolls of fog
Potions
 e - a potion of curing
 g - 4 potions of haste
 h - 2 potions of magic
 k - a potion of resistance


   Skills:
 + Level 8.0 Fighting
 + Level 7.0 Axes
 + Level 7.3 Armour
 + Level 7.3 Shields


You had 5 spell levels left.
You didn't know any spells.
Your spell library was empty.

Dungeon Overview and Level Annotations

Branches:
Dungeon (1/1)

Altars:
Cheibriados
Dithmenos
Fedhas
Gozag
Kikubaaqudgha
Makhleb
Okawaru
Qazlal
Ru
Sif Muna
Trog
Uskayaw
Vehumet
Wu Jian
Xom
Yredelemnul
Lugonu

Shops:
D *[??*?*:[((!!!!


Innate Abilities, Weirdness & Mutations

You are partially covered in yellow scales. (AC +2)


Message History

The hell hound is severely wounded.
The hell hound bites you but does no damage. x2
You barely miss the hell hound.
The hell hound is severely wounded.
The hell hound bites you.
* * * LOW HITPOINT WARNING * * *
You closely miss the hell hound.
The hell hound is severely wounded.
The hell hound barely misses you.
The hell hound pauses to sniff the ground.
You block the hell hound's attack.
You slash the hell hound!
You kill the hell hound!
A wolf comes into view.
Your Fighting skill increases to level 8!
Your Axes skill increases to level 7!
Your Armour skill increases to level 7!
Your Shields skill increases to level 7!
A hell hound comes into view.
The hell hound barks!
The wolf howls!
A wolf comes into view.
The wolf howls!
The hell hound misses you.
A red film seems to cover your vision as you go berserk!
You feel yourself moving faster!
You feel mighty!
The hell hound bites you but does no damage.
You slash the hell hound!
The hell hound is heavily wounded.
You block the hell hound's attack.
You miss the hell hound.
The hell hound is heavily wounded.
The hell hound bites you.
* * * LOW HITPOINT WARNING * * *
The hell hound breathes flames at you. The blast of flame hits you!
* * * LOW HITPOINT WARNING * * *
You slash the hell hound!
The hell hound is almost dead.
The wolf pauses to sniff the ground.
The hell hound bites you!
You die...

#⌠...........⌠#
######.8.........8.######
##..__......###......___∩##
###∩........8.# #.8........∩##
##.............###.............
#[.......†..###...###†.........
#⌠).........# #h<.# #..........
#⌠..........###hh.###..).......
##............@###.............
###∩........8.# #.8........∩##
##∩_._...†..###......___∩##
######.8.........8.######
#⌠...........⌠# ###.........###
#........_# #_......._#
#_......._#


You could see a hell hound (catching breath) and 2 wolves.

Vanquished Creatures
  Sigmund (D)
  A hell hound (D)
  A wolf (D)
  A phantom (D)
  A hound (D)
  An iguana (D)
  A gnoll (D)
  A bat (D)
  An endoplasm (D)
  A kobold (D)
10 creatures vanquished.

Notes
Turn   | Place    | Note
-------+----------+-------------------------------------------
     0 | D        | BigDaddyOpFi the Demonspawn Fighter began the quest for the
                  | Orb.
     0 | D        | Reached XP level 1. HP: 18/18 MP: 1/1
     3 | D        | Found a shimmering altar of Xom.
     3 | D        | Found a basalt altar of Yredelemnul.
     4 | D        | Found an ornate altar of the Wu Jian Council.
     4 | D        | Found a shadowy altar of Dithmenos.
     5 | D        | Round 1.
     6 | D        | Found Piojeb's Identification Station.
     7 | D        | Found Rotryi's Jewellery.
     7 | D        | Found Lyox's Advanced Armour.
    15 | D        | Bought an ancient copper ring for 45 gold pieces
    15 | D        | Identified the ring of Vacuh {rC+ Dex+6} (You bought it in
                  | a shop in the Dungeon)
    15 | D        | Bought a fine bronze ring for 45 gold pieces
    15 | D        | Identified the ring "Jixibreh" {MP+9 Str+5} (You bought it
                  | in a shop in the Dungeon)
    15 | D        | Bought a crude golden amulet for 45 gold pieces
    15 | D        | Identified the amulet of the Yeti {RegenMP Will+} (You
                  | bought it in a shop in the Dungeon)
    86 | D        | Noticed Sigmund
   103 | D        | Killed Sigmund
   104 | D        | Reached skill level 6 in Fighting
   104 | D        | Reached skill level 5 in Axes
   104 | D        | Reached skill level 5 in Armour
   104 | D        | Reached skill level 5 in Shields
   104 | D        | Gained mutation: You are partially covered in yellow
                  | scales. (AC +2) [demonic ancestry]
   104 | D        | Reached XP level 2. HP: 17/28 MP: 2/2
   104 | D        | Reached XP level 3. HP: 21/34 MP: 3/3
   104 | D        | Reached XP level 4. HP: 25/40 MP: 4/4
   104 | D        | Reached XP level 5. HP: 28/46 MP: 5/5
   147 | D        | Found a corrupted altar of Lugonu.
   147 | D        | Arena points: 4 (+4) [x1]
   162 | D        | Round 2.
   163 | D        | Noticed a phantom
   168 | D        | Found a burning altar of Makhleb.
   180 | D        | Killed a phantom
   222 | D        | Found Wauwk's Premium Goods.
   222 | D        | Found Eskubb's Miscellaneous Merchandise.
   223 | D        | Found Cicaes's Basic Armour.
   228 | D        | Found Voddorch's Weapon Rack.
   228 | D        | Found an iron altar of Okawaru.
   228 | D        | Found an opulent altar of Gozag.
   228 | D        | Found a sacrificial altar of Ru.
   241 | D        | Found a bloodstained altar of Trog.
   243 | D        | Found a blossoming altar of Fedhas.
   243 | D        | Found a shimmering blue altar of Sif Muna.
   243 | D        | Found Humeyr's Do-It-Yourself Clinic.
   243 | D        | Found Odiuryel's Bottled Wisdom.
   244 | D        | Found Tejelek's Distillery.
   250 | D        | Found Niomp's Distillery.
   250 | D        | Found a snail-covered altar of Cheibriados.
   250 | D        | Found a hide-covered altar of Uskayaw.
   250 | D        | Found a stormy altar of Qazlal.
   264 | D        | Reached XP level 6. HP: 42/53 MP: 6/6
   269 | D        | Found an ancient bone altar of Kikubaaqudgha.
   270 | D        | Found Yrysunwits's Staff Store.
   271 | D        | Found a radiant altar of Vehumet.
   271 | D        | Found Atzinuik's Magic Scroll Shop.
   271 | D        | Found Duthryozy's Must-Have Magic.
   271 | D        | Found Yfanwoku's Magic Scroll Shop.
   290 | D        | Arena points: 28 (+24) [x2]
   291 | D        | Reached skill level 7 in Fighting
   327 | D        | Round 3.
   334 | D        | Noticed a hell hound
   361 | D        | Killed a hell hound
   362 | D        | Reached skill level 8 in Fighting
   362 | D        | Noticed a hell hound
   368 | D        | Slain by a hell hound

Illustrated notes

Levels and vault maps discovered:
D:        arena_sprint

Skill      XL: |  1  2  3  4  5  6 |
---------------+-------------------+-----
Axes           | 5 7 |  7.0
Fighting       | 6 8 |  8.0
Armour         | 5 6 7 |  7.3
Shields        | 5 6 7 |  7.3

Action                     |  1- 3 |  4- 6 || total
---------------------------+-------+-------++-------
  Melee: War axe           |    15 |    48 ||    63
    Use: Potion            |     1 |     5 ||     6
 Armour: Scale mail        |     5 |    25 ||    30
  Dodge: Dodged            |     1 |    23 ||    24
  Block: Buckler           |     3 |    21 ||    24

Table legend: (Time is in decaauts)
 A = Elapsed time spent in this place.
 B = Non-inter-level travel time spent in this place.
 C = Inter-level travel time spent in this place.
 D = Time resting spent in this place.
 E = Time spent auto-exploring this place.
 F = Levels seen in this place.
 G = Mean time per level.
                   A        B        C        D        E       F      G
               +--------+--------+--------+--------+--------+-----+--------+
         Total |    384 |    384 |      0 |    132 |     37 |   1 |  384.0 |
       Dungeon |    384 |    384 |      0 |    132 |     37 |   1 |  384.0 |
               +--------+--------+--------+--------+--------+-----+--------+

Top non-repeatable levels by time:
       D: 384 daAuts
